 Dungeon Crawl Stone Soup version 0.22-a0-422-g9628fc87f1 (webtiles) character file.

81 D1HalberdGnoll the Firebug (level 4, -6/32 HPs)
             Began as a Demonspawn Fire Elementalist on May 20, 2018.
             Mangled by a gnoll
             ... wielding a +0 halberd
              (12 damage)
             ... on level 2 of the Dungeon.
             The game lasted 00:03:09 (2352 turns).

D1HalberdGnoll the Firebug (DsFE)                   Turns: 2352, Time: 00:03:09

Health: -6/32      AC:  2    Str:  8    XL:     4   Next: 19%
Magic:  4/7        EV: 13    Int: 17    God:
Gold:   77         SH:  0    Dex: 14    Spells: 6/7 levels left

rFire    . . .     SeeInvis .   i - +0 dagger (drain)
rCold    . . .     Gourm    .   (no shield)
rNeg     . . .     Faith    .   a - +0 robe
rPois    .         Spirit   .   (helmet restricted)
rElec    .         Reflect  .   (no cloak)
rCorr    .         Harm     .   (no gloves)
MR       .....     Rnd*Tele +   (no boots)
Stlth    +.........             (no amulet)
HPRegen  0.10/turn              (no ring)
MPRegen  0.10/turn              f - ring of teleportation

@: confused, very slightly contaminated
A: horns 2
a: no special abilities


You were on level 2 of the Dungeon.
You were hungry.

You visited 1 branch of the dungeon, and saw 3 of its levels.

You collected 77 gold pieces.

Inventory:

Hand Weapons
 i - a +0 dagger of draining (weapon)
 l - a +0 quarterstaff
Armour
 a - a +0 robe (worn)
Jewellery
 f - a ring of teleportation (right hand)
Scrolls
 b - 3 scrolls of identify {unknown}
 d - a scroll of magic mapping {unknown}
 e - 2 scrolls of remove curse
 g - a scroll of blinking {unknown}
 h - a scroll of teleportation {unknown}
 n - a scroll of enchant weapon {unknown}
Potions
 k - a potion of curing {unknown}
 o - a potion of mutation {unknown}
Comestibles
 c - 8 rations


   Skills:
 + Level 1.4 Fighting
 + Level 2.3 Dodging
 - Level 1.7 Stealth
 - Level 2.0 Spellcasting
 + Level 1.9 Conjurations
 * Level 3.6 Fire Magic


You had 6 spell levels left.
You knew the following spells:

 Your Spells              Type           Power        Failure   Level  Hunger
a - Flame Tongue          Conj/Fire      ##...        6%          1    #......

Your spell library contained the following spells:

 Spells                   Type           Power        Failure   Level  Hunger
 Fireball                 Conj/Fire      ##........   86%         5    ######.
 Conjure Flame            Conj/Fire      ##......     19%         3    ###....
 Throw Flame              Conj/Fire      ##....       10%         2    ###....
 Sticky Flame             Conj/Fire      ##......     52%         4    #####..
 Inner Flame              Hex/Fire       #.......     28%         3    ###....


Dungeon Overview and Level Annotations

Branches:
Dungeon (3/15)

Altars:
Ashenzari


Innate Abilities, Weirdness & Mutations

You have a pair of horns on your head.


Message History

Aim: a gnoll, wielding a halberd The flame tongue hits the gnoll.
The gnoll is moderately wounded.
Casting: Flame Tongue (safe; 6% risk of failure)
Confirm with . or Enter, or press ? or * to list all spells.
Aiming: Flame Tongue (safe; 6% risk of failure)
Press: ? - help, Shift-Dir - straight line, f/p - gnoll
Aim: a gnoll, wielding a halberd (moderately wounded)
You miscast Flame Tongue.
Your skin glows momentarily.
The gnoll hits you from afar with a halberd!
* * * LOW HITPOINT WARNING * * *
Okay, then.
Okay, then.
You aren't carrying any items that you can evoke.
Unknown command.
It was a potion of ambrosia.
You are confused.
You feel invigorated.
The gnoll hits you from afar with a halberd!
You die...

# #..#.# # ######.##.#
############......##.#
..................##.#
.#########........##.#
.########..#...(..##.###
......##..##......#....#
...##..................#
##...###.###..g.@.#....#
###[)[...........######
#####...#..##.###
##.....#.#......#
##..#..##........##
.†....#####.......############
.......####..................#
..####.......................#
.##########......###.........#


You could see a gnoll.

Vanquished Creatures
  A gnoll (D:2)
  3 adders
  2 worms (D:2)
  A dart slug (D:1)
  A leopard gecko (D:1)
  3 orcs (D:2)
  A giant cockroach (D:1)
  3 goblins
  4 hobgoblins
  A ball python (D:2)
  4 bats
  3 frilled lizards (D:1)
  4 kobolds
  4 rats
35 creatures vanquished.

Notes
Turn   | Place    | Note
-------+----------+-------------------------------------------
     0 | D:1      | D1HalberdGnoll the Demonspawn Fire Elementalist began the quest for the Orb.
     0 | D:1      | Reached XP level 1. HP: 13/13 MP: 3/3
   558 | D:1      | Gained mutation: You have a pair of small horns on your head. [demonic ancestry]
   558 | D:1      | Reached XP level 2. HP: 20/20 MP: 1/5
   624 | D:1      | Reached skill level 3 in Fire Magic
   674 | D:1      | Found a shattered altar of Ashenzari.
  1352 | D:2      | Reached skill level 1 in Fighting
  1352 | D:2      | Reached XP level 3. HP: 25/26 MP: 0/6
  1908 | D:2      | Found a faded altar of an unknown god.
  2061 | D:2      | Gained mutation: You have a pair of horns on your head. [demonic ancestry]
  2061 | D:2      | Reached XP level 4. HP: 8/32 MP: 3/7
  2352 | D:2      | Mangled by a gnoll

Vault maps used:
D:1:      dpeg_arrival_arbitrary_b, nicolae_ashenzari_panopticon
D:2:      first_ration, chequers_ecumenical_altar_grove
D:3:      chequers_temple_overflow_statue_of_worship, okawaru_trees_1

Skill      XL: |  1  2 |
---------------+-------+-----
Dodging        | 2 |  2.3
Fire Magic     | 3 |  3.6
Fighting       | 1 |  1.4
Stealth        | |  1.7
Spellcasting   | |  2.0
Conjurations   | |  1.9

Action                   |  1- 3 |  4- 6 || total
-------------------------+-------+-------++-------
Melee: Dagger            |     7 |       ||     7
       Headbutt          |     1 |       ||     1
 Cast: Flame Tongue      |    69 |     9 ||    78
  Use: Scroll            |     2 |       ||     2
       Potion            |       |     1 ||     1
  Eat: Chunk             |     4 |     1 ||     5
Armor: Robe              |    11 |     2 ||    13
Dodge: Dodged            |    25 |    13 ||    38

Table legend:
 A = Spawn XP
 B = Non-spawn XP
 C = Spawn XP percentage of total XP
 D = Spawn monster count
 E = Non-spawn monster count
 F = Spawn count percentage of total count
 G = Total turns spent on level
                    A         B        C        D         E        F      G
               +---------+---------+-------+---------+---------+-------+---------
         Total |       0 |     116 |   0.0 |       0 |      35 |   0.0 |  2352
               +---------+---------+-------+---------+---------+-------+---------
           D:1 |       0 |      26 |   0.0 |       0 |      15 |   0.0 |  1216
           D:2 |       0 |      76 |   0.0 |       0 |      19 |   0.0 |  1121
           D:3 |       0 |      14 |   0.0 |       0 |       1 |   0.0 |    15
               +---------+---------+-------+---------+---------+-------+---------
